Map: 로스트 앤 파운드 - 래더

Players

LiquidTaeJa (TaeJa)

  • Race: Terran Terran
  • League: Diamond
  • Spawn Location: 7:00

Cure - Winner!

  • Race: Terran Terran
  • League: Master
  • Spawn Location: 1:00

Event: HomeStory Cup XVIII

VOD

Have the link to the VOD?

Description

Time

  • Played on: Nov. 24, 2018, 4:20 p.m.
  • Length: 17:54

All games in this series

Show
View Real Time Build Order
Export as new Build Order

LiquidTaeJa Terran 

Build Orders:  

Get SALT Encoding   

  12  0:00  SCV  
  13  0:12  SCV  
  14  0:16  Supply Depot  
  14  0:24  SCV  
  14  0:27  Refinery  
  15  0:38  SCV  
  16  0:43  Barracks  
  16  0:50  SCV  
  16  0:55  Refinery  
  17  1:02  SCV  
  18  1:14  SCV  
  19  1:30  Orbital Command  
  19  1:32  Factory  
  19  1:33  Reaper  
  20  1:42  Supply Depot  
  20  1:55  SCV  
  21  2:05  Reaper  
  21  2:07  SCV  
  23  2:16  Hellion  
  23  2:19  SCV  
  26  2:25  Command Center  
  26  2:31  SCV  
  26  2:33  Supply Depot  
  27  2:38  Starport  
  29  2:44  Widow Mine  
  29  2:45  SCV  
  29  2:49  Barracks Reactor  
  30  2:58  SCV  
  30  3:08  Factory Tech Lab  
  30  3:10  SCV  
  31  3:25  SCV  
  31  3:26  Marine x2  
  34  3:28  Cyclone, Starport Tech Lab  
  37  3:37  Orbital Command, SCV  
  37  3:39  Refinery  
  38  3:49  SCV  
  38  3:50  Raven  
  38  3:59  Marine x2  
  38  4:01  SCV  
  41  4:03  SCV  
  41  4:05  Cyclone  
  45  4:13  Supply Depot, SCV  
  45  4:15  SCV  
  45  4:16  Marine  
  45  4:17  Marine  
  49  4:25  SCV  
  49  4:27  SCV  
  47  4:33  Raven  
  46  4:39  SCV  
  46  4:47  Marine x2  
  46  4:50  SCV  
  46  4:51  SCV  
  50  4:54  Siege Tank  
  53  5:03  Command Center, SCV x2  
  55  5:12  Supply Depot  
  55  5:15  SCV x2  
  57  5:21  Stimpack  
  57  5:25  Viking x2  
  57  5:27  SCV  
  62  5:34  SCV  
  63  5:37  Supply Depot  
  63  5:40  Supply Depot, Refinery  
  63  5:41  SCV  
  64  5:43  Siege Tank  
  64  5:45  Marine  
  64  5:47  SCV  
  69  5:53  SCV  
  70  6:05  Marine  
  70  6:07  SCV x2  
  70  6:09  Viking x2  
  76  6:16  Siege Tank  
  79  6:19  Barracks x2  
  79  6:22  Marine  
  79  6:23  SCV x2  
  79  6:24  Orbital Command  
  82  6:33  Engineering Bay x2  
  82  6:35  SCV  
  82  6:36  SCV  
  84  6:40  Marine  
  85  6:48  SCV x2  
  85  6:49  Orbital Command  
  85  6:50  Viking x2  
  85  6:53  Siege Tank  
  88  7:00  Marine, SCV x2  
  91  7:01  Terran Infantry Weapons Level 1  
  91  7:05  Terran Infantry Armor Level 1  
  91  7:09  Barracks  
  91  7:11  Barracks  
  91  7:17  Marine  
  91  7:18  SCV x2  
  91  7:20  Barracks Reactor x2  
  91  7:22  SCV  
  95  7:24  Refinery  
  95  7:27  Supply Depot x2  
  94  7:30  SCV  
  94  7:33  SCV  
  94  7:34  SCV  
  94  7:35  Marine  
  97  7:41  Siege Tank  
  97  7:42  SCV  
  101  7:45  Refinery  
  101  7:48  SCV  
  101  7:49  Supply Depot, Medivac x2  
  101  7:50  Supply Depot  
  101  7:51  SCV  
  107  7:53  Marine  
  107  7:55  SCV  
  107  7:58  Marine x2, Barracks Reactor x2  
  109  7:59  Marine x2  
  113  8:07  SCV x3  
  113  8:10  Sensor Tower  
  113  8:11  Marine  
  116  8:16  Marine x3  
  116  8:17  Marine  
  119  8:20  Siege Tank  
  119  8:23  Viking x2  
  119  8:25  SCV x3  
  129  8:29  Marine  
  127  8:34  Marine x4  
  127  8:38  Marine  
  127  8:39  Marine  
  129  8:41  Marine  
  129  8:42  Marine  
  129  8:44  SCV x2  
  129  8:46  Marine  
  132  8:50  Supply Depot x2  
  132  8:51  Armory  
  132  8:52  Marine, Factory  
  133  9:06  Command Center  
  133  9:11  Marine x3, Medivac  
  133  9:15  Supply Depot, Siege Tank  
  133  9:16  Supply Depot  
  141  9:19  Marine x3  
  141  9:21  Marine  
  145  9:27  Combat Shield  
  145  9:28  Marine x2  
  147  9:33  Supply Depot  
  147  9:34  Supply Depot  
  147  9:37  Marine x4  
  147  9:38  Missile Turret  
  151  9:39  Terran Infantry Weapons Level 2  
  151  9:40  Terran Infantry Armor Level 2, Missile Turret  
  151  9:42  Terran Vehicle Weapons Level 1  
  151  9:44  Factory Tech Lab  
  151  9:46  Medivac  
  151  9:47  Siege Tank  
  151  9:48  Marine  
  151  9:50  Marine x2  
  159  9:54  Marine x2  
  159  9:56  Medivac  
  159  9:58  Supply Depot, Marine  
  159  9:59  Marine x3  
  166  10:04  Missile Turret  
  166  10:05  Marine  
  166  10:06  Siege Tank  
  170  10:08  Marine x2  
  170  10:11  Marine  
  170  10:12  Marine  
  172  10:16  Marine  
  170  10:23  Marine x3  
  170  10:26  Siege Tank  
  170  10:27  Marine x2  
  170  10:28  Marine  
  179  10:32  Marine x2  
  179  10:33  SCV  
  179  10:34  SCV x2  
  184  10:36  Sensor Tower  
  184  10:37  Viking x2  
  184  10:38  Marine, Siege Tank  
  184  10:41  Marine  
  193  10:44  Planetary Fortress  
  193  10:46  SCV x2  
  193  10:49  Marine  
  195  10:50  Marine x3  
  195  10:56  Starport x2  
  199  11:00  Fusion Core  
  199  11:04  Marine x5  
  190  11:07  Marine  
  190  11:10  Viking x2  
  199  11:25  Marine  
  163  11:26  Marine x8  
  154  11:35  Siege Tank x2  
  154  11:36  Starport Reactor  
  154  11:37  Starport Tech Lab  
  160  11:42  Marine  
  160  11:43  Marine  
  160  11:44  Marine x4  
  166  11:47  Marine  
  166  11:48  Marine x2  
  166  11:50  SCV  
  166  11:51  SCV  
  166  11:52  Refinery  
  166  11:53  Refinery  
  171  11:59  Terran Infantry Weapons Level 3, Terran Infantry Armor Level 3  
  171  12:00  Marine  
  172  12:01  SCV x2  
  172  12:03  SCV  
  172  12:04  Missile Turret, Marine x4  
  179  12:10  Marine x2  
  179  12:11  Command Center  
  179  12:12  Marine x2  
  183  12:18  Siege Tank  
  183  12:20  Missile Turret  
  183  12:21  Marine  
  183  12:22  Marine x2  
  189  12:24  Marine x2  
  189  12:28  Marine x2, Siege Tank  
  195  12:32  Marine x2  
  195  12:34  Terran Vehicle Weapons Level 2  
  195  12:36  Raven  
  199  12:39  Marine  
  200  12:44  Liberator x2  
  200  12:48  Barracks  
  200  12:51  Barracks  
  200  12:52  Barracks  
  199  13:10  Viking x2  
  200  13:26  Marine x2  
  177  13:27  Viking  
  177  13:28  Marine x2  
  177  13:31  Marine x3  
  177  13:39  Viking  
  177  13:40  Viking  
  175  13:42  Marine  
  175  13:43  Marine x2  
  175  13:44  Marine, Viking x2  
  175  13:45  Marine  
  175  13:46  Marine  
  144  13:48  Marine  
  144  13:49  Marine x2  
  144  13:51  Siege Tank  
  144  13:52  Siege Tank  
  150  13:57  Viking  
  150  14:00  Marine x2  
  150  14:01  Marine x2  
  156  14:03  Marine x2, Barracks Reactor  
  156  14:04  Command Center, Barracks Reactor x2  
  156  14:06  Marine x2  
  156  14:07  Marine  
  161  14:11  Viking  
  161  14:12  Viking  
  165  14:18  Marine x2, Sensor Tower  
  165  14:19  Marine x2  
  165  14:20  Viking  
  165  14:21  Marine x2  
  165  14:23  Planetary Fortress  
  173  14:24  Marine x3  
  176  14:32  Viking x2  
  176  14:36  Marine x2  
  176  14:37  Marine  
  176  14:38  Marine  
  184  14:39  Neosteel Armor  
  184  14:41  Marine x2, Viking  
  184  14:42  Marine  
  184  14:44  Marine x4  
  193  14:51  Viking x2  
  196  14:58  Marine x2  
  189  15:05  Siege Tank  
  192  15:17  Marine  
  192  15:20  Marine x2  
  147  15:22  Marine x4  
  147  15:23  Viking x5  
  147  15:27  Marine x3  
  144  15:29  Marine x2  
  144  15:34  Marine  
  144  15:35  Marine  
  143  15:43  Marine x2  
  143  15:44  Siege Tank x2  
  143  15:48  Marine  
  152  15:52  Viking  
  152  15:53  Marine x2, Viking x3  
  152  15:54  Viking  
  164  16:02  Starport  
  164  16:03  Starport  
  164  16:10  Planetary Fortress  
  162  16:16  Marine x2  
  164  16:22  Viking  
  164  16:23  Viking  
  164  16:24  Viking x2  
  170  16:28  Raven  
  168  16:38  Marine x4  
  159  16:47  Marine x3  
  157  16:49  Marine  
  157  16:52  Viking  
  157  16:53  Marine x2, Viking  
  157  16:54  Viking x2  
  165  16:59  Marine  
  165  17:00  Marine x4  
  172  17:01  Siege Tank  
  172  17:02  Siege Tank  
  172  17:07  Marine  
  172  17:08  Marine  
  155  17:11  Marine x2, Viking  
  155  17:13  Marine x2  
  156  17:17  Viking  
  156  17:18  Viking  
  147  17:22  Viking  
  160  17:26  Marine x2  
  160  17:27  Marine  
  166  17:30  SCV x3  
  166  17:32  Marine  
  166  17:33  Marine  
Show
View Real Time Build Order
Export as new Build Order

Cure Terran - Winner!

Build Orders: 1/1/1, Banshee Rush 

Get SALT Encoding   

  12  0:00  SCV  
  13  0:12  SCV  
  14  0:17  Supply Depot  
  14  0:24  SCV  
  14  0:27  Refinery  
  15  0:38  SCV  
  16  0:43  Barracks  
  16  0:50  SCV  
  16  0:54  Refinery  
  17  1:03  SCV  
  18  1:15  SCV  
  19  1:30  Orbital Command  
  19  1:31  Reaper  
  20  1:33  Factory  
  20  1:44  Supply Depot  
  20  1:56  SCV  
  21  2:03  Reaper  
  21  2:08  SCV  
  23  2:17  Hellion  
  23  2:19  Starport  
  23  2:20  SCV  
  26  2:32  SCV  
  26  2:35  Barracks Tech Lab  
  27  2:40  Command Center  
  27  2:45  Supply Depot  
  27  2:52  Hellion  
  27  2:56  SCV  
  29  3:06  Cloaking Field  
  29  3:09  Banshee  
  32  3:13  Barracks Reactor  
  32  3:15  SCV  
  33  3:22  Hellion  
  35  3:29  SCV  
  35  3:34  Supply Depot  
  35  3:41  SCV  
  35  3:45  Factory Tech Lab  
  36  3:52  Banshee  
  36  3:54  SCV  
  36  3:55  Orbital Command  
  39  3:56  Marine  
  39  3:59  Marine  
  41  4:07  Cyclone  
  44  4:10  SCV  
  44  4:16  Marine  
  44  4:17  Marine  
  47  4:31  SCV x2  
  49  4:37  Marine x2  
  48  4:39  Raven  
  48  4:43  SCV x2  
  48  4:51  Siege Tank  
  49  4:53  Refinery  
  49  4:55  Marine x2, Refinery, SCV x2  
  49  4:56  Supply Depot  
  51  5:07  SCV x2  
  51  5:13  Marine x2  
  55  5:19  SCV x2  
  55  5:20  Supply Depot  
  57  5:23  Siege Tank  
  60  5:31  SCV x2  
  60  5:34  Viking x2  
  66  5:37  Supply Depot  
  66  5:39  Marine  
  66  5:40  Stimpack  
  67  5:43  SCV x2  
  69  5:52  Command Center  
  69  5:55  Siege Tank  
  72  5:57  SCV  
  72  5:58  SCV  
  72  6:00  Marine  
  75  6:08  Viking x2  
  75  6:10  SCV x2  
  81  6:18  Marine  
  79  6:22  SCV x2  
  79  6:23  Barracks  
  81  6:27  Barracks  
  81  6:31  Siege Tank  
  84  6:34  SCV x2  
  84  6:37  Supply Depot  
  86  6:56  Engineering Bay x2  
  86  6:58  Marine, Viking x2, SCV x2  
  93  7:04  Siege Tank  
  96  7:09  Supply Depot  
  96  7:10  SCV x2  
  96  7:13  Barracks Reactor  
  96  7:15  Barracks Reactor  
  98  7:18  Marine  
  99  7:22  SCV  
  99  7:23  Orbital Command, SCV  
  99  7:24  Terran Infantry Weapons Level 1, Terran Infantry Armor Level 1  
  101  7:32  Viking x2  
  101  7:35  SCV x2  
  101  7:36  Marine  
  108  7:37  Refinery x2  
  108  7:43  Combat Shield  
  105  7:47  SCV x2  
  105  7:49  Siege Tank  
  105  7:50  SCV  
  111  7:54  Marine x5  
  116  7:59  SCV  
  116  8:02  Supply Depot  
  116  8:03  Supply Depot  
  116  8:04  Supply Depot, SCV  
  117  8:17  Barracks x2  
  117  8:24  Viking x2, SCV x3  
  119  8:36  SCV x3  
  114  8:42  Marine x5  
  114  8:43  Siege Tank  
  114  8:48  SCV x3  
  125  8:49  Armory  
  125  8:52  Sensor Tower  
  125  9:00  Marine x5  
  125  9:01  Medivac x2  
  137  9:04  Barracks Reactor  
  137  9:05  Barracks Reactor  
  137  9:07  Supply Depot x2  
  137  9:10  Supply Depot  
  134  9:17  Marine x4, Command Center  
  134  9:18  Marine  
  134  9:23  Supply Depot  
  139  9:28  Siege Tank  
  142  9:35  SCV x3  
  142  9:36  Terran Infantry Armor Level 2, Terran Infantry Weapons Level 2  
  142  9:37  Terran Vehicle Weapons Level 1  
  145  9:45  Marine x8  
  151  9:47  Viking x2  
  151  9:52  SCV x2  
  160  9:53  SCV  
  160  9:57  Sensor Tower  
  159  10:01  Siege Tank  
  159  10:03  Factory  
  159  10:06  SCV x3  
  165  10:09  Barracks Reactor  
  165  10:11  Refinery  
  165  10:15  Refinery  
  165  10:27  Marine x2  
  165  10:28  Marine x6, Viking  
  171  10:29  Viking  
  175  10:40  Missile Turret  
  175  10:44  Siege Tank  
  175  10:45  Marine x4  
  175  10:48  Siege Tank  
  175  10:49  Marine x3  
  188  10:51  Planetary Fortress  
  188  10:55  Supply Depot x2  
  188  10:59  Marine  
  188  11:00  Marine x2  
  188  11:04  Marine x4  
  187  11:15  Starport x2  
  187  11:16  Viking x2  
  187  11:18  Fusion Core  
  191  11:22  Marine x2  
  191  11:23  Marine x2  
  173  11:26  Marine x4  
  155  11:34  Siege Tank x2  
  161  11:44  Command Center  
  161  11:46  Medivac x2  
  164  11:47  Marine x4  
  164  11:53  Terran Infantry Weapons Level 3, Terran Infantry Armor Level 3  
  168  11:58  Starport Reactor, Starport Tech Lab  
  168  12:03  Terran Vehicle Weapons Level 2  
  168  12:04  Marine x6  
  168  12:06  Siege Tank x2  
  180  12:16  Viking x2  
  180  12:19  Refinery  
  180  12:20  Refinery  
  183  12:24  Viking, Advanced Ballistics  
  184  12:32  Sensor Tower  
  184  12:34  Viking x2  
  188  12:44  Siege Tank  
  188  12:46  Viking x2, Command Center  
  194  12:58  Viking  
  189  13:04  Viking x2  
  188  13:14  Planetary Fortress  
  188  13:16  Viking x2  
  188  13:17  Liberator x2  
  192  13:25  Marine x4  
  190  13:27  Viking  
  190  13:29  Siege Tank x2  
  190  13:31  Liberator x2  
  186  13:40  Liberator  
  186  13:45  Marine x8  
  186  13:46  Marine  
  164  14:00  Orbital Command  
  167  14:03  Siege Tank x2  
  167  14:07  Marine x4  
  167  14:08  Marine  
  178  14:11  Marine x3  
  178  14:16  Armory  
  178  14:17  Medivac x2  
  183  14:22  Terran Vehicle Weapons Level 3  
  185  14:30  Medivac  
  185  14:31  Marine x2, Medivac  
  189  14:37  Neosteel Armor  
  189  14:38  Hi-Sec Auto Tracking  
  191  14:40  Viking  
  191  14:41  Marine x3  
  196  14:52  Viking x2  
  194  15:01  Viking x2  
  194  15:05  Liberator x3  
  194  15:06  Marine x2  
  200  15:20  Marine x2  
  200  15:21  Marine x2, Liberator x2  
  170  15:25  Siege Tank x2  
  170  15:26  Marine x6  
  189  15:44  Command Center  
  189  15:48  Liberator  
  189  15:49  Marine x6  
  195  15:51  Marine x4  
  195  15:55  Liberator  
  195  16:07  Marine x6  
  199  16:18  Marine  
  199  16:20  Command Center  
  187  16:34  Viking x3  
  187  16:37  Marine x2  
  187  16:38  Marine x2  
  189  16:44  Marine x2  
  189  16:45  Marine x2  
  193  16:48  Viking  
  193  16:50  Marine x2  
  193  16:51  Siege Tank  
  197  16:54  Viking  
  197  16:55  Marine  
  200  17:04  Viking  
  200  17:07  Viking x2  
  194  17:14  Marine x6  
  196  17:17  Siege Tank  
  199  17:30  Refinery  
  193  17:49  Refinery  
Tags
 
Add a new tag
Caveats
  • Supply blocks, unpowered buildings, or Contaminate may cause inaccurate times.
  • Supply counts are checked every 10 seconds.